PCL
REDWOOD CITY REDWOODS @ GRESHAM GOLD SOULS
05/30/2028
 
TOP OF THE 1ST
Redwood City Redwoods batting - Pitching for Gresham Gold Souls : RHP Arturo Martínez
Pitching: RHP Arturo Martínez
Batting: RHB Robert Downing 0-0: Ball
1-0: Called Strike
1-1: Ground out 6-3 (Groundball, 6)
Batting: LHB José Peralta 0-0: Foul Ball, location: 2F
0-1: Swinging Strike
0-2: Ball
1-2: Foul Ball, location: 2F
1-2: Ball
2-2: Ground out 6-3 (Groundball, 6)
Batting: RHB Steve Sampson 0-0: Ball
1-0: Ball
2-0: Ball
3-0: Base on Balls
Batting: LHB Patrick Bright 0-0: Ball
1-0: Foul Ball, location: 2F
1-1: Ball
2-1: Fly out, F7 (Flyball, 7S)
Top of the 1st over - 0 run(s), 0 hit(s), 0 error(s), 1 left on base; Redwood City 0 - Gresham 0
BOTTOM OF THE 1ST
Gresham Gold Souls batting - Pitching for Redwood City Redwoods : RHP Will Jackson
Pitching: RHP Will Jackson
Batting: LHB Jeff Doss 0-0: Foul Ball, location: 2F
0-1: Ball
1-1: Ground out 3-1 (Groundball, 3D)
Batting: LHB Bill Smith 0-0: Called Strike
0-1: Called Strike
0-2: Ball
1-2: Ball
2-2: Foul Ball, location: 2F
2-2: Strikes out swinging
Batting: RHB Mario Méndez 0-0: Ball
1-0: Ball
2-0: Ball
3-0: Called Strike
3-1: Foul Ball, location: 2F
3-2: Base on Balls
Batting: LHB Ezechiele Bruno 0-0: Ball
1-0: Fly out, F7 (Flyball, 78D)
Bottom of the 1st over - 0 run(s), 0 hit(s), 0 error(s), 1 left on base; Redwood City 0 - Gresham 0
TOP OF THE 2ND
Redwood City Redwoods batting - Pitching for Gresham Gold Souls : RHP Arturo Martínez
Batting: LHB Arthur Hall 0-0: Ball
1-0: Ball
2-0: Foul Ball, location: 2F
2-1: Foul Ball, location: 2F
2-2: Foul Ball, location: 2F
2-2: Foul Ball, location: 2F
2-2: Fly out, F8 (Line Drive, 78M)
Batting: LHB Marcos Vázquez 0-0: Foul Ball, location: 2F
0-1: SINGLE (Groundball, 34D)
Batting: RHB Juan Robles 0-0: Called Strike
0-1: Ball
1-1: Ball
2-1: SINGLE (Flyball, 89S)
Marcos Vázquez to second
Runner from 2nd tries for 3rd, SAFE, throw made to third
Batting: RHB Héctor Vázquez 0-0: Ball
1-0: Called Strike
1-1: Grounds into double play, 4-6-3 (Groundball, 4)
Top of the 2nd over - 0 run(s), 2 hit(s), 0 error(s), 1 left on base; Redwood City 0 - Gresham 0
BOTTOM OF THE 2ND
Gresham Gold Souls batting - Pitching for Redwood City Redwoods : RHP Will Jackson
Batting: RHB Pablo Castillo 0-0: Ball
1-0: Ball
2-0: Called Strike
2-1: Ball
3-1: Swinging Strike
3-2: Foul Ball, location: 2F
3-2: Ground out 6-3 (Groundball, 6)
Batting: SHB Todd Smith 0-0: Swinging Strike
0-1: SINGLE (Line Drive, 4M)
Batting: RHB Willie Houk 0-0: Ball
1-0: Swinging Strike
1-1: Ball
2-1: SINGLE (Groundball, 6MD)
Todd Smith to second
Batting: RHB Gustavo Pagán 0-0: Called Strike
0-1: Foul Ball, location: 2F
0-2: Ball
1-2: SINGLE (Line Drive, 6MD)
Todd Smith to third
Willie Houk to second
Batting: RHB Brian Dixon 0-0: Foul Ball, location: 2F
0-1: Ball
1-1: Ball
2-1: Foul Ball, location: 2F
2-2: Fly out, F5 (Line Drive, 56)
Batting: LHB Jeff Doss 0-0: SINGLE (Groundball, 4MD)
Todd Smith scores
Willie Houk to third
Gustavo Pagán to second
Runner from 3rd tries for Home, SAFE, no throw
Batting: LHB Bill Smith 0-0: Fly out, F7 (Flyball, 7)
Bottom of the 2nd over - 2 run(s), 4 hit(s), 0 error(s), 2 left on base; Redwood City 0 - Gresham 2
TOP OF THE 3RD
Redwood City Redwoods batting - Pitching for Gresham Gold Souls : RHP Arturo Martínez
Batting: RHB David Strickland 0-0: Swinging Strike
0-1: Called Strike
0-2: Strikes out swinging
Batting: RHB Robert Downing 0-0: SINGLE (Line Drive, 9LM)
Batting: LHB José Peralta 0-0: Fielders Choice at 2nd, 6-4 (Groundball, 56)
Batting: RHB Steve Sampson 0-0: Ball
1-0: Ball
2-0: Ball
3-0: Base on Balls
José Peralta to second
Batting: LHB Patrick Bright 0-0: Called Strike
0-1: Ball
1-1: Called Strike
1-2: Foul Ball, location: 2F
1-2: Strikes out looking
Top of the 3rd over - 0 run(s), 1 hit(s), 0 error(s), 2 left on base; Redwood City 0 - Gresham 2
BOTTOM OF THE 3RD
Gresham Gold Souls batting - Pitching for Redwood City Redwoods : RHP Will Jackson
Batting: RHB Mario Méndez 0-0: Ball
1-0: Ball
2-0: Ball
3-0: Base on Balls
Batting: LHB Ezechiele Bruno 0-0: Called Strike
0-1: Foul Ball, location: 2F
0-2: Strikes out looking
Batting: RHB Pablo Castillo 0-0: Fly out, F5 (Line Drive, 56S)
Batting: SHB Todd Smith 0-0: Ball
1-0: Ball
2-0: Called Strike
2-1: Foul Ball, location: 2F
2-2: Ground out 4-3 (Groundball, 34)
Bottom of the 3rd over - 0 run(s), 0 hit(s), 0 error(s), 1 left on base; Redwood City 0 - Gresham 2
TOP OF THE 4TH
Redwood City Redwoods batting - Pitching for Gresham Gold Souls : RHP Arturo Martínez
Batting: LHB Arthur Hall 0-0: Foul Ball, location: 2F
0-1: Ball
1-1: SOLO HOME RUN (Flyball, 89XD), Distance : 439 ft
Batting: LHB Marcos Vázquez 0-0: Called Strike
0-1: Ball
1-1: Fly out, F9 (Flyball, 89D)
Batting: RHB Juan Robles 0-0: Swinging Strike
0-1: Foul Ball, location: 2F
0-2: Ball
1-2: SINGLE (Flyball, 4D)
Batting: RHB Héctor Vázquez 0-0: Ground out 5-3 (Groundball, 5S)
Juan Robles to second
Batting: RHB David Strickland 0-0: Swinging Strike
0-1: Foul Ball, location: 2F
0-2: Ball
1-2: Strikes out swinging
Top of the 4th over - 1 run(s), 2 hit(s), 0 error(s), 1 left on base; Redwood City 1 - Gresham 2
BOTTOM OF THE 4TH
Gresham Gold Souls batting - Pitching for Redwood City Redwoods : RHP Will Jackson
Batting: RHB Willie Houk 0-0: Fly out, F8 (Line Drive, 8LD)
Batting: RHB Gustavo Pagán 0-0: Fly out, F7 (Line Drive, 7)
Batting: RHB Brian Dixon 0-0: Ball
1-0: Ball
2-0: Ball
3-0: Swinging Strike
3-1: Called Strike
3-2: Foul Ball, location: 2F
3-2: Strikes out swinging
Bottom of the 4th over - 0 run(s), 0 hit(s), 0 error(s), 0 left on base; Redwood City 1 - Gresham 2
TOP OF THE 5TH
Redwood City Redwoods batting - Pitching for Gresham Gold Souls : RHP Arturo Martínez
Batting: RHB Robert Downing 0-0: Fly out, F3 (Line Drive, 34)
Batting: LHB José Peralta 0-0: Ball
1-0: Foul Ball, location: 2F
1-1: Foul Ball, location: 2F
1-2: Ball
2-2: Fly out, F9 (Line Drive, 9)
Batting: RHB Steve Sampson 0-0: Swinging Strike
0-1: Foul Ball, location: 2F
0-2: Foul Ball, location: 2F
0-2: Ball
1-2: Fly out, F9 (Line Drive, 9S)
Top of the 5th over - 0 run(s), 0 hit(s), 0 error(s), 0 left on base; Redwood City 1 - Gresham 2
BOTTOM OF THE 5TH
Gresham Gold Souls batting - Pitching for Redwood City Redwoods : RHP Will Jackson
Batting: LHB Jeff Doss 0-0: Foul Ball, location: 2F
0-1: Called Strike
0-2: Ball
1-2: Ball
2-2: Foul Ball, location: 2F
2-2: Ball
3-2: Fly out, F7 (Flyball, 78M)
Batting: LHB Bill Smith 0-0: Ground out 4-3 (Groundball, 4)
Batting: RHB Mario Méndez 0-0: Called Strike
0-1: Ball
1-1: Ball
2-1: Ground out 6-3 (Groundball, 6)
Bottom of the 5th over - 0 run(s), 0 hit(s), 0 error(s), 0 left on base; Redwood City 1 - Gresham 2
TOP OF THE 6TH
Redwood City Redwoods batting - Pitching for Gresham Gold Souls : RHP Arturo Martínez
Pitching: RHP José González
Batting: LHB Patrick Bright 0-0: Called Strike
0-1: Called Strike
0-2: Foul Ball, location: 2F
0-2: Strikes out looking
Batting: LHB Arthur Hall 0-0: Ball
1-0: Ball
2-0: Ball
3-0: Called Strike
3-1: Called Strike
3-2: Foul Ball, location: 2F
3-2: SOLO HOME RUN (Line Drive, 89XD), Distance : 422 ft
Batting: LHB Marcos Vázquez 0-0: Ball
1-0: Called Strike
1-1: Foul Ball, location: 2F
1-2: Strikes out swinging
Batting: RHB Juan Robles 0-0: Fly out, F7 (Flyball, 78S)
Top of the 6th over - 1 run(s), 1 hit(s), 0 error(s), 0 left on base; Redwood City 2 - Gresham 2
BOTTOM OF THE 6TH
Gresham Gold Souls batting - Pitching for Redwood City Redwoods : RHP Will Jackson
Batting: LHB Ezechiele Bruno 0-0: Ball
1-0: Fly out, F6 (Popup, 6D)
Batting: RHB Pablo Castillo 0-0: Ball
1-0: Ball
2-0: Called Strike
2-1: Ball
3-1: Base on Balls
Batting: SHB Todd Smith 0-0: Ball
1-0: Fly out, F8 (Flyball, 8RS)
Batting: RHB Willie Houk 0-0: Called Strike
0-1: Fly out, F6 (Popup, 6D)
Bottom of the 6th over - 0 run(s), 0 hit(s), 0 error(s), 1 left on base; Redwood City 2 - Gresham 2
TOP OF THE 7TH
Redwood City Redwoods batting - Pitching for Gresham Gold Souls : RHP José González
Pinch Hitting: LHB Vicente Chávez 0-0: Ball
1-0: Foul Ball, location: 2F
1-1: Foul Ball, location: 2F
1-2: Ball
2-2: Ball
3-2: Ground out 4-3 (Groundball, 4)
Pinch Hitting: RHB Javier Ortíz 0-0: Swinging Strike
0-1: Ball
1-1: Ball
2-1: Swinging Strike
2-2: Ball
3-2: Strikes out swinging, 2-3 out at first.
Pinch Hitting: LHB Richard Olvera 0-0: Ball
1-0: Called Strike
1-1: Foul Ball, location: 2F
1-2: Foul Ball, location: 2F
1-2: Ball
2-2: Fly out, F8 (Line Drive, 8RM)
Top of the 7th over - 0 run(s), 0 hit(s), 0 error(s), 0 left on base; Redwood City 2 - Gresham 2
BOTTOM OF THE 7TH
Gresham Gold Souls batting - Pitching for Redwood City Redwoods : RHP Will Jackson
Now at 2B: Yataro Abe
Now at 3B: Luis Ramírez
Now at SS: Chris Hall
Pinch Hitting: LHB Millard Dye 0-0: Ball
1-0: Called Strike
1-1: Fly out, F3 (Popup, 3L)
Batting: RHB Brian Dixon 0-0: Ball
1-0: Ground out 1-3 (Groundball, 15)
Batting: LHB Jeff Doss 0-0: Called Strike
0-1: Ball
1-1: Ball
2-1: Ball
3-1: Base on Balls
Batting: LHB Bill Smith 0-0: Foul Ball, location: 2F
0-1: Swinging Strike
0-2: Strikes out swinging
Bottom of the 7th over - 0 run(s), 0 hit(s), 0 error(s), 1 left on base; Redwood City 2 - Gresham 2
TOP OF THE 8TH
Redwood City Redwoods batting - Pitching for Gresham Gold Souls : RHP José González
Now in CF: Jeff McKinney
Batting: LHB José Peralta 0-0: Fly out, F7 (Flyball, 7LM)
Batting: RHB Steve Sampson 0-0: Ball
1-0: Foul Ball, location: 2F
1-1: Hit by Pitch
Batting: LHB Patrick Bright 0-0: Ball
1-0: Ball
2-0: Called Strike
2-1: Swinging Strike
2-2: Fielders Choice at 2nd, 4-6 (Groundball, 4)
Batting: LHB Arthur Hall 0-0: Called Strike
0-1: Fielders Choice at 2nd, 4-6 (Groundball, 4)
Top of the 8th over - 0 run(s), 0 hit(s), 0 error(s), 0 left on base; Redwood City 2 - Gresham 2
BOTTOM OF THE 8TH
Gresham Gold Souls batting - Pitching for Redwood City Redwoods : RHP Will Jackson
Pitching: RHP Domingo Franco
Batting: RHB Mario Méndez 0-0: Ball
1-0: Foul Ball, location: 2F
1-1: Foul Ball, location: 2F
1-2: Foul Ball, location: 2F
1-2: Foul Ball, location: 2F
1-2: Strikes out swinging
Batting: LHB Ezechiele Bruno 0-0: Called Strike
0-1: SINGLE (Groundball, 6D)
Batting: RHB Pablo Castillo 0-0: Ball
Ezechiele Bruno steals 2nd base
1-0: Foul Ball, location: 2F
1-1: Foul Ball, location: 2F
1-2: Ball
2-2: Ball
3-2: DOUBLE (Line Drive, 78XD)
Ezechiele Bruno scores
Batting: SHB Todd Smith 0-0: Intentional Walk
Pinch Hitting: SHB Sean Carr 0-0: Ball
1-0: Ball
2-0: Fielders Choice at 2nd, 3-6 (Groundball, 34)
Pablo Castillo to third
Batting: LHB Jeff McKinney 0-0: Foul Ball, location: 2F
0-1: Ground out 4-3 (Groundball, 34)
Bottom of the 8th over - 1 run(s), 2 hit(s), 0 error(s), 2 left on base; Redwood City 2 - Gresham 3
TOP OF THE 9TH
Redwood City Redwoods batting - Pitching for Gresham Gold Souls : RHP José González
Pitching: RHP Eusébio Lagarto
Now at 1B: Matt Davidson
Batting: LHB Marcos Vázquez 0-0: Ball
1-0: SINGLE (Groundball, 34D)
Batting: RHB Juan Robles 0-0: Sac Bunt - play at first, batter OUT! 3-4
Marcos Vázquez to second
Batting: RHB Luis Ramírez 0-0: Ball
1-0: Ball
2-0: Ball
3-0: Base on Balls
Pinch Hitting: RHB Bob Campbell 0-0: Called Strike
0-1: Grounds into double play, 1-6-3 (Groundball, P)
Top of the 9th over - 0 run(s), 1 hit(s), 0 error(s), 1 left on base; Redwood City 2 - Gresham 3
Tuesday, August 8th, 2017 - OOTP Baseball 17.12 Build 75